[Event "Late-Titled-Tuesday-Blitz-May-28-2024"]
[Site "Chess.com"]
[Date "2024.05.28"]
[Round "5"]
[White "cassoulet"]
[Black "egnfanclub"]
[Result "1-0"]
[WhiteElo "2710"]
[BlackElo "2335"]
[TimeControl "180+1"]
[EndTime "14:55:49 PDT"]
[Termination "cassoulet won on time"]

1. d4 d5 2. Bf4 Nf6 3. e3 Bf5 4. Nd2 e6 5. c3 Bd6 6. Bg3 O-O 7. Ngf3 Bxg3 8. hxg3 Nbd7 9. Be2 c5 10. Ne5 cxd4 11. exd4 Nxe5 12. dxe5 Nd7 13. g4 Bg6 14. f4 Nc5 15.
Nf3 Ne4 16. Qd4 Ng3 17. Rh3 Nxe2 18. Kxe2 Qb6 19. Qxb6 axb6 20. Nd4 Be4 21. Kf2 Rfc8 22. a3 h6 23. Rah1 Kf8 24. f5 exf5 25. gxf5 Ke7 26.
Rg3 Rg8 27. f6+ gxf6 28. exf6+ Kd6 29. Rg7 Bg6 30. Rxh6 Ke5 31. Rhxg6 fxg6 32. Rxb7 Kxf6 33. Rxb6+ Ke5 34. Ke3 Rae8 35. g4 Rgf8 36. Rxg6 Rf6 37.
Rg7 Kd6+ 38. Kd3 Re1 39. Nf5+ Kc6 40. Ra7 Rf8 41. Ra6+ Kb7 42. Rd6 Rg1 43. Rxd5 Rxg4 44. Nd4 Rg3+ 45. Kc4 Rf2 46. b4 Rc2 47. Nb5 Kc8 48. Rh5 Rf2 49. a4 1-0

[Event "Late-Titled-Tuesday-Blitz-May-28-2024"]
[Site "Chess.com"]
[Date "2024.05.28"]
[Round "5"]
[White "ExchangeAB"]
[Black "Karttunen"]
[Result "0-1"]
[WhiteElo "2490"]
[BlackElo "2663"]
[TimeControl "180+1"]
[EndTime "14:55:52 PDT"]
[Termination "Karttunen won by resignation"]

1. d4 d6 2. Nf3 Nf6 3. Nc3 g6 4. e4 Bg7 5. h3 O-O 6. Be3 Nc6 7.
Qd2 e5 8. O-O-O Re8 9. dxe5 Nxe5 10. Nxe5 Rxe5 11. Bd3 Bd7 12. f4 Re8 13. g4 Bc6 14. Qg2 Qe7 15. Rhe1 Nxe4 16. Nxe4 Bxe4 17. Bxe4 Qxe4 18.
Qxe4 Rxe4 19. Bd2 Rae8 20. Rxe4 Rxe4 21. Re1 Rxe1+ 22. Bxe1 f5 23. c3 fxg4 24. hxg4 h5 25.
gxh5 gxh5 26. Kd2 Kf7 27. f5 Kf6 28. Bf2 Bh6+ 29. Kd3 Kxf5 30. Bxa7 h4 31. Ke2 c6 32. Kf3 Bf4 33. Bf2 h3 34. a4 Be5 35. Be3 d5 36. Bf2 h2 37. Kg2 Ke4 38. Bc5 Kd3 39. Ba3 Kc2 40.
Kh1 Kb3 41. a5 Bxc3 42. Kxh2 Bxb2 43. Bc5 Bc3 44. Bb6 Ka4 45. Kg2 Bxa5 46. Bc5 Bb4 47. Bd4 c5 48. Be5 Kb3 49. Kf3 c4 50. Ke2 Kc2 51.
Bd4 Bc3 52. Bc5 d4 0-1

[Event "Late-Titled-Tuesday-Blitz-May-28-2024"]
[Site "Chess.com"]
[Date "2024.05.28"]
[Round "5"]
[White "ACollins05"]
[Black "Felix-Rose"]
[Result "0-1"]
[WhiteElo "2469"]
[BlackElo "2301"]
[TimeControl "180+1"]
[EndTime "14:55:53 PDT"]
[Termination "Felix-Rose won on time"]

1. Nf3 Nf6 2. e3 g6 3. b3 Bg7 4.
Bb2 O-O 5. d4 d6 6. c4 Nbd7 7.
Be2 c6 8. O-O e5 9. dxe5 Ng4 10.
Nc3 Ndxe5 11. Nxe5 Nxe5 12. Qd2 Bf5 13. Rfd1 Qa5 14.
a3 Rad8 15. Rac1 a6 16. h3 h5 17. b4 Qb6 18. Na4 Qa7 19. f4 Nd7 20. Bxg7 Kxg7 21.
Kf2 Nf6 22. Bf3 Be4 23. Qd4 Qxd4 24. Rxd4 d5 25. Rcd1 Rde8 26. Nc5 Bxf3 27. Kxf3 Re7 28.
Nd3 dxc4 29. Rxc4 Rfe8 30. Ne5 Nd5 31. e4 Nb6 32. Rcd4 f6 33. Nd3 Na4 34. e5 fxe5 35.
Nxe5 Nc3 36. Rc1 Nd5 37. g3 h4 38. Re1 hxg3 39. Kxg3 g5 40. Rde4 Nxf4 41. h4 Ng6 42. Nxg6 Rxe4 0-1

[Event "Late-Titled-Tuesday-Blitz-May-28-2024"]
[Site "Chess.com"]
[Date "2024.05.28"]
[Round "5"]
[White "Sanyura"]
[Black "Caterpiller35"]
[Result "0-1"]
[WhiteElo "2612"]
[BlackElo "2477"]
[TimeControl "180+1"]
[EndTime "14:55:54 PDT"]
[Termination "Caterpiller35 won on time"]

1. e4 c5 2. Nf3 Nc6 3. d4 cxd4 4. Nxd4 e5 5. Nb5 d6 6. N1c3 a6 7. Na3 b5 8. Nd5 Nge7 9. c4 Nd4 10. Be3 Nxd5 11. exd5 Nf5 12. Bd2 g6 13. Bd3 Bg7 14.
O-O O-O 15. cxb5 e4 16. Bxe4 Bxb2 17. Qb3 Bxa1 18. Rxa1 axb5 19. Nxb5 Re8 20. Bxf5 Bxf5 21. Qb2 Qb6 22. Bh6 Re5 23. a4 Rae8 24. h3 f6 25. Kh2 Kf7 26. a5 Qc5 27. Rc1 Qxd5 28. a6 Qxb5 29.
Rc7+ R8e7 30. Qa2+ Be6 31. Rxe7+ Kxe7 32. Qa3 Qa5 33. Qf3 Qxa6 34. Bg7 Rf5 35. Qc3 Qc8 36. Qe3 Kf7 37. g4 Re5 38. Qh6 Qg8 0-1

[Event "Late-Titled-Tuesday-Blitz-May-28-2024"]
[Site "Chess.com"]
[Date "2024.05.28"]
[Round "5"]
[White "lluiss"]
[Black "JonasGallasch"]
[Result "0-1"]
[WhiteElo "2182"]
[BlackElo "2420"]
[TimeControl "180+1"]
[EndTime "14:55:54 PDT"]
[Termination "JonasGallasch won by resignation"]

1. Nf3 d5 2. d4 Nf6 3. c4 e6 4. cxd5 exd5 5. Nc3 c6 6. Qc2 Be7 7. Bg5 O-O 8. e3 h6 9. Bh4 Re8 10. Bd3 Ne4 11. Bxe7 Qxe7 12. O-O Nd7 13. h3 Ndf6 14.
Rae1 Nxc3 15. bxc3 b5 16. a4 a6 17. Ra1 Bd7 18.
axb5 axb5 19. Ne5 Ra3 20. Bf5 Bxf5 21. Qxf5 Rxc3 22. Ra6 Qb7 23. Rfa1 b4 24. Ra7 Qc8 25. Qf4 b3 26. Rb1 Qb8 27. Rxf7 Rxe5 28. dxe5 Kxf7 29.
exf6 Qxf4 30. exf4 c5 31. fxg7 c4 32. Kf1 Rc2 33.
Ke1 c3 0-1

[Event "Late-Titled-Tuesday-Blitz-May-28-2024"]
[Site "Chess.com"]
[Date "2024.05.28"]
[Round "5"]
[White "rasmussvane"]
[Black "Blitz"]
[Result "1-0"]
[WhiteElo "2927"]
[BlackElo "2520"]
[TimeControl "180+1"]
[EndTime "14:55:55 PDT"]
[Termination "rasmussvane won on time"]

1. Nf3 d5 2. g3 Nd7 3. d4 Nb6 4. Nc3 Nf6 5. Bg2 g6 6. O-O Bg7 7. a4 a5 8. b3 O-O 9. Ba3 Re8 10. e3 c6 11. Qe2 Bg4 12. Qd3 Bf5 13. Qe2 Bg4 14. Qd3 Bf5 15. Qd2 Ne4 16. Nxe4 Bxe4 17. Rad1 h6 18. Qc1 Rc8 19. Rfe1 e6 20. Bb2 Qf6 21.
Ne5 Bxg2 22. Kxg2 Qe7 23. Nd3 Nd7 24. c4 dxc4 25. bxc4 Nb6 26. Qc2 Qc7 27. Qb3 Nd7 28. e4 c5 29. d5 exd5 30. exd5 Nb6 31. Bxg7 Kxg7 32. Rxe8 Rxe8 33. Qc3+ Kg8 34. Qxa5 Ra8 35.
Qxc5 Qxc5 36. Nxc5 Nxc4 37. d6 Rd8 38. Nxb7 Rd7 39. a5 1-0

[Event "Late-Titled-Tuesday-Blitz-May-28-2024"]
[Site "Chess.com"]
[Date "2024.05.28"]
[Round "5"]
[White "olawsson"]
[Black "VD_coach"]
[Result "0-1"]
[WhiteElo "2167"]
[BlackElo "2530"]
[TimeControl "180+1"]
[EndTime "14:55:56 PDT"]
[Termination "VD_coach won on time"]

1. d4 Nf6 2. c4 g6 3. Nc3 Bg7 4.
e4 O-O 5. Nf3 d6 6. Be2 c5 7. d5 b5 8. cxb5 a6 9. b6 Qxb6 10. O-O a5 11. Nd2 Ba6 12. Nc4 Bxc4 13. Bxc4 a4 14. a3 Nbd7 15. f4 Rfb8 16. Qe2 Qc7 17.
Rb1 Nb6 18. Bb5 c4 19. Bc6 Ra5 20. Be3 Nfd7 21. Rfd1 Nc5 22. Bxc5 Rxc5 23. Nxa4 Nxa4 24. Bxa4 c3 25. bxc3 Rxb1 26. Rxb1 Bxc3 27. Qd3 h5 28. Bc6 Bf6 29. a4 Qa5 30. h3 Rc3 31. Qb5 Bd4+ 32.
Kh2 Qa7 33. Qb8+ Qxb8 34. Rxb8+ Kg7 35. Rb1 h4 36. a5 Ra3 37. Rd1 Bc5 0-1

[Event "Late-Titled-Tuesday-Blitz-May-28-2024"]
[Site "Chess.com"]
[Date "2024.05.28"]
[Round "5"]
[White "Romadk"]
[Black "TatjanaVasilevich"]
[Result "1-0"]
[WhiteElo "2469"]
[BlackElo "2580"]
[TimeControl "180+1"]
[EndTime "14:55:57 PDT"]
[Termination "Romadk won by checkmate"]

1. d4 Nf6 2. Nf3 e6 3. g3 d5 4.
Bg2 Be7 5. c4 dxc4 6. Nc3 Nc6 7.
Qa4 O-O 8. Qxc4 Rb8 9. O-O Na5 10. Qa4 c5 11. Rd1 b5 12. Qc2 c4 13. Bf4 Bd6 14.
Bxd6 Qxd6 15. e4 Qe7 16. e5 Nd5 17. Ne4 Nc6 18. Nd6 f6 19. a4 a6 20. axb5 axb5 21. b3 fxe5 22. dxe5 c3 23. h4 h6 24. Qg6 Rxf3 25.
Nxc8 Rxc8 26. Bxf3 Nxe5 27. Qe4 c2 28. Qxe5 cxd1=Q+ 29. Rxd1 Nc3 30. Rd6 Re8 31. Rb6 Qa3 32. Qxc3 Rf8 33.
Rxe6 b4 34. Qe1 Rxf3 35. Re8+ Kf7 36. Qe6# 1-0

[Event "Late-Titled-Tuesday-Blitz-May-28-2024"]
[Site "Chess.com"]
[Date "2024.05.28"]
[Round "5"]
[White "Zq1"]
[Black "Mackster23"]
[Result "1-0"]
[WhiteElo "2547"]
[BlackElo "2655"]
[TimeControl "180+1"]
[EndTime "14:55:58 PDT"]
[Termination "Zq1 won on time"]

1. d4 Nf6 2. c4 e6 3. g3 d5 4. Bg2 dxc4 5. Qa4+ Nbd7 6. Nd2 c5 7. Ngf3 a6 8. dxc5 Bxc5 9. Qxc4 b5 10.
Qc2 Bb7 11. O-O Rc8 12. Qb1 Qb6 13. e3 a5 14. a3 b4 15. axb4 Bxb4 16. b3 O-O 17.
Nc4 Qc7 18. Bb2 Be4 19. Qa2 Qb7 20. Nh4 Ra8 21. Bxe4 Nxe4 22. Qb1 Ndc5 23. Bd4 Nc3 24. Qc2 Nb5 25. Nxa5 Bxa5 26. Qxc5 Rfc8 27. Qg5 f6 28. Bxf6 h6 29. Qg6 Bb4 30. Be5 Qe7 31. Qe4 Nc3 32.
Qxa8 1-0

[Event "Late-Titled-Tuesday-Blitz-May-28-2024"]
[Site "Chess.com"]
[Date "2024.05.28"]
[Round "5"]
[White "lamomiajunior"]
[Black "Jahonas"]
[Result "1-0"]
[WhiteElo "2744"]
[BlackElo "2444"]
[TimeControl "180+1"]
[EndTime "14:55:59 PDT"]
[Termination "lamomiajunior won on time"]

1. d4 Nf6 2. Nc3 d5 3. Bf4 e6 4.
Nb5 Na6 5. e3 c6 6. Nc3 Nc7 7. Nf3 Bd6 8. Ne5 O-O 9. Bd3 c5 10.
dxc5 Bxc5 11. Qf3 Nce8 12. g4 Nd6 13. O-O-O Qa5 14. g5 Nfe4 15. Bxe4 Nxe4 16. Nxe4 dxe4 17. Qxe4 Qxa2 18. Qc4 Qa1+ 19. Kd2 Qa5+ 20. c3 Qb6 21. b4 Bd6 22. Ke2 Rd8 23. h4 Bxe5 24. Bxe5 Bd7 25.
Qf4 Qa6+ 26. c4 Ba4 27. Rc1 Rac8 28. b5 Qa5 29. Bc3 Qc7 30. Be5 Qd7 31. Bd4 Qe7 32. Qe5 Qf8 33. h5 Bb3 34. h6 Bxc4+ 35. Rxc4 Rxc4 36.
hxg7 Qd6 37. Qe4 Rc2+ 38. Qxc2 1-0

[Event "Late-Titled-Tuesday-Blitz-May-28-2024"]
[Site "Chess.com"]
[Date "2024.05.28"]
[Round "5"]
[White "rdarruda"]
[Black "WildBizon"]
[Result "1-0"]
[WhiteElo "2557"]
[BlackElo "2722"]
[TimeControl "180+1"]
[EndTime "14:55:59 PDT"]
[Termination "rdarruda won by checkmate"]

1. d4 Nf6 2. Nf3 g6 3. Nc3 d5 4.
Bg5 Bg7 5. Bxf6 Bxf6 6. e4 dxe4 7. Nxe4 Bg7 8. Bc4 O-O 9. O-O Nd7 10. Re1 Nb6 11.
Bb3 Nd5 12. h3 c6 13. Qd2 a5 14. a3 a4 15. Ba2 Bf5 16. Rad1 Qb6 17. c3 Rad8 18. Ng3 e6 19. Nxf5 exf5 20. Ne5 Qc7 21. Qc2 Rfe8 22. Qxa4 Bxe5 23. Rxe5 Rxe5 24. dxe5 Qxe5 25.
c4 Qe4 26. Qb3 Kg7 27. cxd5 cxd5 28. Rxd5 Qe1+ 29. Kh2 Rxd5 30. Qxd5 Qxf2 31. Qxf7+ Kh6 32. Qf8+ Kh5 33. Qb4 f4 34. Qc3 Kh6 35. Bd5 b6 36.
b4 Kg5 37. a4 h5 38. Qf3 Qd4 39. a5 bxa5 40. bxa5 Qa4 41. a6 Qxa6 42. h4+ Kf5 43. Qe4+ Kf6 44. Qxf4+ Kg7 45. Qf7+ Kh6 46. Qf8+ Kh7 47.
Bg8+ Kh8 48. Bf7+ Kh7 49. Qg8+ Kh6 50. Qh8# 1-0

[Event "Late-Titled-Tuesday-Blitz-May-28-2024"]
[Site "Chess.com"]
[Date "2024.05.28"]
[Round "5"]
[White "MaxLeto"]
[Black "BillCoe"]
[Result "0-1"]
[WhiteElo "2389"]
[BlackElo "2107"]
[TimeControl "180+1"]
[EndTime "14:55:59 PDT"]
[Termination "BillCoe won by checkmate"]

1. g4 g6 2. Bg2 Bg7 3. h4 d6 4.
g5 Nc6 5. c3 Bd7 6. d4 e6 7. h5 gxh5 8. e4 Nge7 9. Ne2 Ng6 10.
Ng3 h4 11. Nh5 Rg8 12. Nxg7+ Rxg7 13. Be3 Qe7 14. Nd2 a6 15. f4 f5 16. e5 d5 17. Qe2 b5 18. Nb3 Rb8 19. Nc5 Rb6 20. a4 Nb8 21. a5 Rc6 22. Qf3 Bc8 23. Kd2 Nd7 24. Nd3 Rc4 25. b3 Rc6 26. Bf2 Nb8 27. Nb4 Bb7 28. Bxh4 Nxh4 29. Rxh4 Rxc3 30. Rah1 Rxf3 31. Bxf3 Qxb4+ 32. Ke3 Qxb3+ 33. Kf2 Nc6 34. Kg3 Nxd4 35. Rf1 Nxf3 36. Rxf3 Qd1 37. Rh2 Qg1+ 38.
Rg2 Qe1+ 39. Kh3 d4 40. Rgf2 Bxf3 41. Rxf3 Qh1+ 42. Kg3 h6 43. Kf2 hxg5 44. Rg3 g4 45. Rg2 Rh7 46. Rxg4 fxg4 47. Ke2 Qf3+ 48. Kd2 Rh2+ 49.
Kc1 Qh1# 0-1

[Event "Late-Titled-Tuesday-Blitz-May-28-2024"]
[Site "Chess.com"]
[Date "2024.05.28"]
[Round "5"]
[White "amintabatabaei"]
[Black "Bryanl106"]
[Result "1-0"]
[WhiteElo "3050"]
[BlackElo "2698"]
[TimeControl "180+1"]
[EndTime "14:56:01 PDT"]
[Termination "amintabatabaei won by resignation"]

1. d4 Nf6 2. Nf3 g6 3. b3 Bg7 4. Bb2 O-O 5. e3 d6 6. Be2 Nbd7 7. O-O Re8 8. c4 c6 9. Nc3 e5 10. b4 a5 11. b5 Qc7 12. a4 h6 13. Qb3 Nh7 14.
Rfd1 e4 15. Nd2 Ndf6 16. h3 h5 17. Rdc1 h4 18. Qd1 Ng5 19. Kh1 Bf5 20. Qg1 Qd7 21. Qh2 Ne6 22. Nb3 g5 23. Ba3 Red8 24. Rd1 d5 25.
Rac1 Bf8 26. Bxf8 Nxf8 27. bxc6 bxc6 28. cxd5 Nxd5 29. Nxd5 cxd5 30. Bb5 Qe7 31. Rc7 Qf6 32. Rdc1 Ne6 33. R1c6 Qg7 34. Rb7 g4 35. Qe5 Qxe5 36.
dxe5 gxh3 37. Nd4 hxg2+ 38. Kxg2 Bg4 39. Rd6 Rxd6 40. exd6 Nxd4 41. exd4 Rd8 42. Rb6 Kg7 43. Ra6 Kf6 44. d7+ Ke7 45. Rxa5 Bxd7 46. Ra7 Kd6 47. Rxd7+ Rxd7 48. Bxd7 Kxd7 49. Kh3 Kc7 50. Kxh4 Kb6 51. Kg5 Ka5 52. Kf6 Kxa4 53. Kxf7 Kb3 54. Ke6 Kc3 55. Kxd5 Kd3 56. Ke5 Ke2 57. Kxe4 Kxf2 58. d5 1-0

[Event "Late-Titled-Tuesday-Blitz-May-28-2024"]
[Site "Chess.com"]
[Date "2024.05.28"]
[Round "5"]
[White "dozer80"]
[Black "eljanov"]
[Result "0-1"]
[WhiteElo "2695"]
[BlackElo "2894"]
[TimeControl "180+1"]
[EndTime "14:56:01 PDT"]
[Termination "eljanov won by resignation"]

1. e4 c6 2. d4 d5 3. e5 Bf5 4.
Nc3 h6 5. h4 e6 6. g4 Bh7 7. Nge2 c5 8. Be3 Qb6 9. Na4 Qa5+ 10. c3 c4 11. b4 Qc7 12. h5 Nc6 13. f4 Nge7 14. Bh3 b5 15. Nc5 a5 16. a4 axb4 17. axb5 Na7 18. Ra6 Rb8 19. b6 Rxb6 20.
Qa4+ Nb5 21. Ra8+ Nc8 22. cxb4 Bxc5 23. dxc5 Rb8 24. Rxb8 Qxb8 25. Nd4 Na7 26. c6 O-O 27. Nxb5 Nxb5 28. Qa6 d4 29. Bf2 Be4 30. O-O Rc8 31. Qb7 Qxb7 32. cxb7 Bxb7 0-1

[Event "Late-Titled-Tuesday-Blitz-May-28-2024"]
[Site "Chess.com"]
[Date "2024.05.28"]
[Round "5"]
[White "RebecaJimnz"]
[Black "yobdc"]
[Result "0-1"]
[WhiteElo "2308"]
[BlackElo "2535"]
[TimeControl "180+1"]
[EndTime "14:56:01 PDT"]
[Termination "yobdc won by resignation"]

1. e4 c5 2. Nc3 Nc6 3. g3 g6 4. Bg2 Bg7 5. d3 e6 6. Be3 d6 7. Qd2 Rb8 8. Nge2 Nd4 9. Nc1 Ne7 10. Nd1 e5 11. c3 Ne6 12. Bh6 O-O 13. h4 f5 14. Bxg7 Kxg7 15. h5 f4 16. Bh3 Ng5 17.
Bg2 Bg4 18. gxf4 exf4 19. Ne2 Bxe2 20. hxg6 Nxg6 21. Kxe2 f3+ 22. Bxf3 Rxf3 23. Ne3 Qf6 24. Nf5+ Rxf5 25. exf5 Qxf5 26. Rag1 Qf3+ 27. Kf1 Nh3 28. Rg2 Rf8 29. Rhh2 Kg8 30. Rg3 Qxg3 31. Rg2 Rxf2+ 32. Rxf2 Qxf2+ 33. Qxf2 Nxf2 34. Kxf2 Kf7 0-1

[Event "Late-Titled-Tuesday-Blitz-May-28-2024"]
[Site "Chess.com"]
[Date "2024.05.28"]
[Round "5"]
[White "Mariia89"]
[Black "AsaHoffmann"]
[Result "1-0"]
[WhiteElo "2209"]
[BlackElo "2306"]
[TimeControl "180+1"]
[EndTime "14:56:02 PDT"]
[Termination "Mariia89 won by resignation"]

1. d4 Nf6 2. Nf3 d6 3. c4 c6 4.
Nc3 Bf5 5. Nh4 Bd7 6. e4 e5 7. Nf3 Qc7 8. Be2 Bg4 9. O-O Nbd7 10. h3 Bh5 11. Bg5 Be7 12. Re1 O-O 13. Qd2 Rfe8 14.
Rad1 a6 15. Be3 b5 16. b3 b4 17. Na4 Nxe4 18. Qc2 Nef6 19. dxe5 dxe5 20. c5 a5 21. Nd2 Bg6 22. Qc1 Nd5 23. Nc4 Nxe3 24. Qxe3 h6 25. Nd6 Red8 26. Bc4 Bg5 27. Qf3 Nxc5 28. Nxf7 Bxf7 29.
Nxc5 Bxc4 30. bxc4 Re8 31. Ne4 Qe7 32. c5 Rad8 33. Nd6 Rf8 34. Qb3+ Kh8 35. Re2 e4 36. Rde1 e3 37. fxe3 Qf6 38. Qc4 Rxd6 39. cxd6 Qxd6 40. e4 Rd8 41. e5 Qd4+ 42. Qxd4 Rxd4 43. Kh2 c5 44. e6 Rd8 45. e7 Re8 46. Kg3 c4 47. h4 Bf6 48. Kg4 c3 49. Kf5 a4 50. g4 b3 51.
axb3 axb3 52. g5 Bd4 53. Rd1 Bc5 54. Rd8 g6+ 55. Kxg6 Rg8+ 56. Rxg8+ Kxg8 57. e8=Q+ Bf8 58. Rf2 1-0

[Event "Late-Titled-Tuesday-Blitz-May-28-2024"]
[Site "Chess.com"]
[Date "2024.05.28"]
[Round "5"]
[White "h4parah5"]
[Black "djano"]
[Result "1-0"]
[WhiteElo "2973"]
[BlackElo "2608"]
[TimeControl "180+1"]
[EndTime "14:56:03 PDT"]
[Termination "h4parah5 won by resignation"]

1. Nf3 c5 2. e4 g6 3. d4 cxd4 4. Nxd4 Nf6 5. Nc3 Nc6 6. Nxc6 dxc6 7. Qxd8+ Kxd8 8. Bf4 Ke8 9. Be2 Nd7 10. Bg4 Bg7 11. O-O-O Nc5 12. Bxc8 Rxc8 13. Be3 Ne6 14. Rd3 h5 15. f4 Bh6 16. g3 h4 17. Kb1 b6 18.
Rhd1 hxg3 19. hxg3 Rd8 20. Rxd8+ Nxd8 21. a4 Bg7 22. e5 Rh3 23. Ne4 Ne6 24. a5 bxa5 25. Bxa7 f5 26. exf6 Bxf6 27. Rd3 Rh1+ 28. Ka2 Rc1 29.
c3 Nc7 30. Bb6 Nd5 31. Bxa5 Bg7 32. Kb3 Re1 33. Ng5 Ra1 34. Bb4 Ra8 35. Ne6 Kf7 36. Ng5+ Ke8 37. Bc5 Rb8+ 38. Kc2 Bf6 39. Ne4 Kf7 40. b4 Rh8 41. c4 Rh2+ 42. Rd2 Rxd2+ 43. Kxd2 Nc7 44. Bb6 Ne6 45. Nxf6 exf6 46. b5 cxb5 47. cxb5 Ke7 48. Kd3 Kd6 49. Kc4 g5 50. f5 Ng7 51.
g4 Ne8 52. Bf2 Kd7 53. Bg3 Kc8 54. Kd5 Kd7 55. b6 Kc8 56. Kc6 Nc7 57. b7+ Kb8 58.
Bxc7+ 1-0

[Event "Late-Titled-Tuesday-Blitz-May-28-2024"]
[Site "Chess.com"]
[Date "2024.05.28"]
[Round "5"]
[White "whiteshirt_boi"]
[Black "Smoking_Crow"]
[Result "1/2-1/2"]
[WhiteElo "2793"]
[BlackElo "2578"]
[TimeControl "180+1"]
[EndTime "14:56:05 PDT"]
[Termination "Game drawn by repetition"]

1. e4 e5 2. Nf3 Nc6 3. Bc4 Nf6 4. d3 Bc5 5. c3 d6 6. O-O Bb6 7. Bg5 h6 8. Bh4 g5 9. Bg3 Bg4 10. Nbd2 Nh5 11. Qb3 Qe7 12. Bd5 Bd7 13. d4 Nf4 14. Nc4 exd4 15. Bxf4 gxf4 16. Nxb6 axb6 17. cxd4 Rg8 18. Rfe1 Bg4 19. Rad1 Bh3 20. g3 Bg4 21.
Rd2 fxg3 22. fxg3 O-O-O 23. Rc1 Qf6 24. Bxc6 bxc6 25. Rc3 c5 26. d5 Rde8 27. Qb5 Bxf3 28. Ra3 Kd8 29. Rf2 Qd4 30. Rxf3 Rxe4 31. Qc6 Rg7 32. Kg2 Re1 33. Qa8+ Ke7 34. Qc8 Qxd5 35. Qxc7+ Ke6 36. Qc8+ Ke7 37. Qc7+ Ke6 38. Qb8 Ke7 39. Qc7+ 1/2-1/2

[Event "Late-Titled-Tuesday-Blitz-May-28-2024"]
[Site "Chess.com"]
[Date "2024.05.28"]
[Round "5"]
[White "Naruna_Chan"]
[Black "N_Mullodzhanov"]
[Result "1-0"]
[WhiteElo "2266"]
[BlackElo "2484"]
[TimeControl "180+1"]
[EndTime "14:56:06 PDT"]
[Termination "Naruna_Chan won by checkmate"]

1. e4 c5 2. c3 Nf6 3. e5 Nd5 4. Bc4 Nb6 5. Bb3 Nc6 6. Nf3 d5 7. exd6 Qxd6 8. d4 c4 9. Bc2 e6 10. O-O Be7 11. Nbd2 O-O 12. Qe2 Na5 13. Ne5 Qc7 14.
f4 g6 15. Ne4 Bd7 16. Rf3 Ba4 17. Bxa4 Nxa4 18. Rh3 Kg7 19. f5 exf5 20. Bh6+ Kg8 21. Bxf8 Rxf8 22. Ng3 Bd6 23. Nxf5 gxf5 24. Qh5 f6 25.
Rg3+ Kh8 26. Ng6+ Kg8 27. Nxf8+ Bxg3 28. Ne6 Qe7 29. Qxf5 Bc7 30. Nxc7 Qxc7 31. Qxf6 Qf7 32. Qd8+ Kg7 33. Qxa5 Nxb2 34. Qg5+ Kf8 35. Rf1 Nd3 36. Rxf7+ Kxf7 37. Qd5+ Kf6 38. Qxc4 Nf4 39. Qc7 Ne6 40.
Qxb7 h5 41. Qxa7 h4 42. Qh7 Kg5 43. Qe4 Nf4 44. Qxf4+ Kxf4 45. a4 Ke4 46. a5 Kd5 47. a6 Kc6 48. d5+ Kb6 49. d6 Kc5 50. d7 Kc4 51. a7 Kb3 52. c4 h3 53. c5 hxg2 54.
c6 Kc4 55. c7 Kb5 56. a8=Q Kb6 57. c8=Q Kb5 58. Qab7+ Ka4 59. Qca8# 1-0

[Event "Late-Titled-Tuesday-Blitz-May-28-2024"]
[Site "Chess.com"]
[Date "2024.05.28"]
[Round "5"]
[White "kinga2008"]
[Black "KirAk47"]
[Result "0-1"]
[WhiteElo "2416"]
[BlackElo "2567"]
[TimeControl "180+1"]
[EndTime "14:56:08 PDT"]
[Termination "KirAk47 won by resignation"]

1. e4 c5 2. Nf3 e6 3. c4 Nc6 4. Nc3 Nf6 5. e5 Ng4 6. Qe2 Qc7 7. Nb5 Qb8 8. d4 cxd4 9. Nbxd4 Ngxe5 10. Nxe5 Qxe5 11.
Qxe5 Nxe5 12. Bf4 Bb4+ 13. Kd1 Ng6 14. Bg3 a6 15. Bd3 Bc5 16. Nb3 Be7 17. h4 d6 18. Nd2 Ne5 19. Be2 Bd7 20. c5 Bc6 21.
cxd6 Bxd6 22. f3 O-O-O 23. Rc1 Kb8 24. b3 Ng6 25. Bxd6+ Rxd6 26. Ke1 Rhd8 27. Nc4 Rd4 28. Na5 Bb5 29. Bxb5 axb5 30. Kf2 Nxh4 31. Rc5 Rd2+ 32. Kg3 Nf5+ 33. Kh3 R8d4 34. g4 Nd6 35. Rhc1 Rxa2 36.
b4 Rxb4 37. Rd1 Rxa5 38. Rxd6 Rc4 39. Rg5 g6 40. Rd7 Rc7 41. Rd8+ Ka7 42. Rc5 Rxc5 0-1

[Event "Late-Titled-Tuesday-Blitz-May-28-2024"]
[Site "Chess.com"]
[Date "2024.05.28"]
[Round "5"]
[White "atalz0"]
[Black "KatakuriDono"]
[Result "1-0"]
[WhiteElo "2497"]
[BlackElo "2286"]
[TimeControl "180+1"]
[EndTime "14:56:08 PDT"]
[Termination "atalz0 won by resignation"]

1. d4 d5 2. c4 dxc4 3. e4 Nc6 4. Nf3 Bg4 5. d5 Ne5 6. Nbd2 Nd3+ 7. Bxd3 cxd3 8. O-O e5 9. Qa4+ Bd7 10. Qb3 Bd6 11. Nc4 Nf6 12. Nfxe5 O-O 13. Nxd6 cxd6 14. Nxd7 Qxd7 15. Qxd3 Rfe8 16. f3 Rac8 17. Be3 a6 18. Rac1 Qa4 19. a3 Nd7 20. Bd4 f6 21. h4 Ne5 22.
Bxe5 fxe5 23. Rc3 Rxc3 24. Qxc3 Qd7 25. Rc1 Qe7 26. g3 g5 27. Qc7 gxh4 28. Qxe7 Rxe7 29. gxh4 Kg7 30. Kg2 Kg6 31. Kh3 Kh5 32. Rg1 Rf7 33. Rg5+ Kh6 34. Kg3 Rc7 35. Rf5 Kg7 36. f4 exf4+ 37.
Rxf4 Rc2 38. Rf2 Rc1 39. Kf4 Rh1 40. Kg5 Rg1+ 41. Kf5 Rh1 42. Ke6 Rxh4 43. Kxd6 Rxe4 44. Rd2 h5 45. Kc7 b5 46. d6 Rc4+ 47. Kb6 Rc8 48.
d7 Rd8 49. Kc7 1-0

[Event "Late-Titled-Tuesday-Blitz-May-28-2024"]
[Site "Chess.com"]
[Date "2024.05.28"]
[Round "5"]
[White "Cambek64"]
[Black "kemelgallo"]
[Result "1-0"]
[WhiteElo "2524"]
[BlackElo "2681"]
[TimeControl "180+1"]
[EndTime "14:56:09 PDT"]
[Termination "Cambek64 won on time"]

1. e4 c5 2. Nc3 Nc6 3. d3 g6 4. Be3 Nd4 5. Nce2 Bg7 6. c3 Nxe2 7.
Bxe2 b6 8. f3 d5 9. Qa4+ Bd7 10.
Qc2 Rc8 11. h4 d4 12. Bd2 Qc7 13. Kf1 Nf6 14. g4 O-O 15. cxd4 cxd4 16. Qxc7 Rxc7 17. Bd1 Rfc8 18. Nh3 h5 19. g5 Ne8 20. Nf2 a5 21. a4 Nd6 22. Bb3 Nb7 23. Bc4 Nc5 24. b3 Be6 25.
Rb1 Bxc4 26. dxc4 e5 27. Ke2 Bf8 28. Nd3 Nd7 29. f4 Bd6 30. Kf3 Re8 31. Rbe1 Rcc8 32.
f5 Rb8 33. f6 Rec8 34. Rb1 Kf8 35. Bc1 Ke8 36. Ke2 Nf8 37. Bd2 Ne6 38. Rhc1 Kd7 39.
Be1 Ra8 40. Bd2 Nc5 41. Nxc5+ 1-0

[Event "Late-Titled-Tuesday-Blitz-May-28-2024"]
[Site "Chess.com"]
[Date "2024.05.28"]
[Round "5"]
[White "marik_spb"]
[Black "crazy_but_lazy"]
[Result "0-1"]
[WhiteElo "2507"]
[BlackElo "2683"]
[TimeControl "180+1"]
[EndTime "14:56:09 PDT"]
[Termination "crazy_but_lazy won by checkmate"]

1. d4 Nf6 2. c4 e6 3. Nf3 d5 4. g3 Bb4+ 5. Bd2 Be7 6. Bg2 O-O 7.
O-O c6 8. Qc2 Nbd7 9. Rd1 a5 10.
b3 Ne4 11. Bf4 f5 12. Nbd2 g5 13. Be5 Nxe5 14. Nxe5 Bf6 15. Nxe4 fxe4 16. f3 exf3 17. exf3 Bd7 18. Rd2 Bxe5 19. dxe5 Be8 20. cxd5 cxd5 21. Rc1 Bg6 22. Qc7 Rc8 23. Qxc8 Qxc8 24. Rxc8 Rxc8 25. f4 gxf4 26. gxf4 Bf5 27. Kf2 Kf7 28. Bf3 Rc3 29. Re2 b5 30. Re3 b4 31. Rxc3 bxc3 32. Ke2 d4 33. a3 d3+ 34. Ke1 d2+ 35. Kd1 Ke7 36. b4 axb4 37. axb4 Kd7 38. h4 Kc7 39. Be2 Kc6 40. h5 h6 41. b5+ Kc5 42. Bf1 Bg4+ 43.
Be2 Bxe2+ 44. Kxe2 Kxb5 45. Kd1 Kc5 46. Kc2 Kd5 47.
Kd1 Ke4 48. f5 Kd3 49. f6 c2# 0-1

[Event "Late-Titled-Tuesday-Blitz-May-28-2024"]
[Site "Chess.com"]
[Date "2024.05.28"]
[Round "5"]
[White "ansko1999"]
[Black "platy3"]
[Result "1-0"]
[WhiteElo "2604"]
[BlackElo "2849"]
[TimeControl "180+1"]
[EndTime "14:56:11 PDT"]
[Termination "ansko1999 won on time"]

1. Nf3 d5 2. c4 e6 3. d4 Nf6 4. g3 Bb4+ 5. Bd2 a5 6. a3 Be7 7.
Bg2 O-O 8. Qc2 c6 9. O-O b6 10. cxd5 cxd5 11. Rc1 Ba6 12. e3 Nbd7 13. a4 Rc8 14.
Nc3 Ne4 15. Be1 f5 16. Bf1 Bxf1 17. Kxf1 g5 18. Qb3 g4 19. Nd2 Ndf6 20. Ncxe4 Nxe4 21.
Rxc8 Qxc8 22. Qxb6 Kf7 23. Nxe4 fxe4 24. Bxa5 Qa8 25. Bc3 Rc8 26. a5 Rb8 27. Qc7 Qa6+ 28. Kg2 Rf8 29. Qf4+ Bf6 30. Qxg4 h6 31. Ra3 Rb8 32.
Qf4 Rb7 33. Qxh6 Qe2 34. Qf4 Kg6 35. a6 Bg5 36. Qf8 1-0